 Seeded DCSS version 0.29.1-2-gbd0b4ee654 (webtiles) character file.

Game seed: 3311 (custom seed)

509 Ashen the Magician (level 6, -2/43 (45) HPs)
             Began as a Demonspawn Hedge Wizard on Oct 28, 2022.
             Was an Initiate of Vehumet.
             Slain by a gnoll
             ... wielding a +2 flail of holy wrath
             ... led by a gnoll bouda
              (3 damage)
             ... on level 4 of the Dungeon.
             The game lasted 00:10:45 (7188 turns).

Ashen the Magician (Demonspawn Hedge Wizard)        Turns: 7188, Time: 00:10:46

HP:   -2/43 (45)    AC:  4    Str: 10    XL:     6   Next: 98%
MP:   3/11          EV: 17    Int: 18    God:    Vehumet [......]
Gold: 228           SH:  0    Dex: 12    Spells: 4/12 levels left

rFire   . . .      SeeInvis .   i - +0 short sword (venom)
rCold   . . .      Faith    .   (no shield)
rNeg    . . .      Spirit   .   l - +0 leather armour
rPois   .          Reflect  .   b - +0 helmet
rElec   .          Harm     .   (no cloak)
rCorr   .          Rampage  .   (no gloves)
Will    .....                   (no boots)
Stlth   ++........              (no amulet)
HPRegen 0.14/turn               (no ring)
MPRegen 0.12/turn               (no ring)

@: mighty, agile, very slightly contaminated, lightly drained
A: powered by pain 1, sturdy frame 2
a: Renounce Religion


You were on level 4 of the Dungeon.
You worshipped Vehumet.
Vehumet was noncommittal.
You visited 1 branch of the dungeon, and saw 5 of its levels.

You collected 228 gold pieces.

Inventory:

Hand Weapons
 i - a +0 short sword of venom (weapon)
 p - a +2 hand axe of distortion
Armour
 b - a +0 helmet (worn)
 l - a +0 leather armour (worn)
Scrolls
 c - a scroll of enchant armour {unknown}
 f - 3 scrolls of teleportation {unknown}
 h - 2 scrolls of identify {unknown}
 k - a scroll of noise {unknown}
 m - a scroll of fear {unknown}
 n - a scroll of poison {unknown}
 o - a scroll of immolation {unknown}
 r - a scroll of vulnerability {unknown}
Potions
 a - 2 potions of attraction {unknown}
 d - a potion of magic
 e - a potion of mutation {unknown}
 g - a potion of heal wounds {unknown}
 j - 2 potions of resistance {unknown}
 q - a potion of curing {unknown}


   Skills:
 + Level 2.3 Fighting
 + Level 3.2 Dodging
 + Level 3.2 Stealth
 + Level 3.9 Spellcasting
 + Level 2.7 Conjurations
 - Level 2.0 Summonings
 - Level 2.0 Translocations
 + Level 1.9 Air Magic


You had 4 spell levels left.
You knew the following spells:

 Your Spells              Type           Power      Damage    Failure   Level
a - Magic Dart            Conj           52%        1d5       4%          1
b - Blink                 Tloc           20%        N/A       10%         2
c - Call Imp              Summ           10%        N/A       10%         2
d - Mephitic Cloud        Conj/Pois/Air  9%         N/A       24%         3

Your spell library contained the following spells:

 Spells                   Type           Power      Damage    Failure   Level
 Slow                     Hex            12%        N/A       16%         1
 Conjure Flame            Conj/Fire      8%         6-21      26%         3
 Frozen Ramparts          Ice            6%         1d1       41%         3
 Summon Ice Beast         Ice/Summ       7%         N/A       69%         4
 Ice Form                 Ice/Tmut       3%         N/A       83%         4
 Summon Mana Viper        Hex/Summ       7%         N/A       95%         5
 Monstrous Menagerie      Summ           5%         N/A       100%        7


Dungeon Overview and Level Annotations

Branches:
Dungeon (5/15)
 Temple: D:4-7

Altars:
Sif Muna
Vehumet

Annotations:
D:2 1 runed translucent door, Crazy Yiuf
D:5 exclusion: ice beast


Innate Abilities, Weirdness & Mutations

You sometimes gain a little power by taking damage.
Your movements are less encumbered by armour. (ER -4)


Message History

You start resting.
HP restored.
You climb downwards.
Level annotation: exclusion: ice beast The gnoll barely misses you.
The gnoll hits you with a +2 flail of holy wrath!
You focus on the pain.
You feel very mighty all of a sudden.
You convulse.
There is a stone staircase leading up, spattered with blood here.
The gnoll hits you with a +2 flail of holy wrath!
You focus on the pain.
You feel agile all of a sudden.
You convulse!
* * * LOW HITPOINT WARNING * * *
You climb upwards.
There is a stone staircase leading down here.
Casting: Magic Dart (safe; 4% risk of failure)
Confirm with . or Enter, or press ? or * to list all spells.
You blink.
Casting: Blink (safe; 10% risk of failure)
Confirm with . or Enter, or press ? or * to list all spells.
You miscast Call Imp.
You are very lightly contaminated with residual magic.
Nothing appears to happen.
Casting: Call Imp (safe; 10% risk of failure)
Confirm with . or Enter, or press ? or * to list all spells.
You miscast Call Imp.
Nothing appears to happen.
The gnoll hits you with a +2 flail of holy wrath.
* * * LOW HITPOINT WARNING * * *
You convulse.
* * * LOW HITPOINT WARNING * * *
Casting: Call Imp (safe; 10% risk of failure)
Confirm with . or Enter, or press ? or * to list all spells.
A metallic apparition takes form in the air.
You feel stable enough to blink again.
The gnoll hits you with a +2 flail of holy wrath.
* * * LOW HITPOINT WARNING * * *
You convulse.
You die...

......####...# ##....##.#
........##...####..#######
...............>..##
.............#.[.##
.......###..###...##
......####..# ##...##
......# #..## #....###
......###..# #g.....##
........#..# ##@......##
..>........####...5.....#
......#....##...#####...#
......##......### #####
......##......# ####
).....#..##..)## ##..#
....(...####...# ###..##
.......## ##..####..###
.......# ##..##..##


You could see a gnoll (ally target) and a friendly iron imp (summoned).

Vanquished Creatures
  A necrophage (D:5)
  A hound (D:3)
  A gnoll bouda (D:4)
  A jelly (D:4)
  3 orc priests
  2 orc wizards (D:3)
  An adder (D:4)
  2 worms
  3 dart slugs
  5 orcs
  10 endoplasms
  4 giant cockroaches
  9 hobgoblins
  4 jackals (D:2)
  2 quokkas
  8 ball pythons
  4 bats
  2 frilled lizards
  3 goblins
  6 kobolds
  4 rats
76 creatures vanquished.

Vanquished Creatures (collateral kills)
  An ogre (D:4)
  An adder (D:3)
  A gnoll (D:5)
  2 orcs (D:3)
5 creatures vanquished.

Vanquished Creatures (others)
  2 orc wizards (D:3)
  An orc (D:3)
3 creatures vanquished.

Grand Total: 84 creatures vanquished

Notes
Turn   | Place    | Note
-------+----------+-------------------------------------------
     0 | D:1      | Ashen the Demonspawn Hedge Wizard began the quest for the
                  | Orb.
     0 | D:1      | Reached XP level 1. HP: 13/13 MP: 4/4
    24 | D:1      | Reached skill level 1 in Translocations
   562 | D:1      | Gained mutation: Your movements are slightly less
                  | encumbered by armour. (ER -2) [demonic ancestry]
   562 | D:1      | Reached XP level 2. HP: 13/19 MP: 0/6
  1821 | D:2      | Learned a level 2 spell: Blink
  1824 | D:2      | Learned a level 2 spell: Call Imp
  1828 | D:2      | Gained mutation: Your movements are less encumbered by
                  | armour. (ER -4) [demonic ancestry]
  1828 | D:2      | Reached XP level 3. HP: 25/25 MP: 7/7
  2618 | D:2      | Found a runed translucent door.
  2623 | D:2      | Learned a level 3 spell: Mephitic Cloud
  2623 | D:2      | Noticed Crazy Yiuf
  2648 | D:2      | Found a faded altar of an unknown god.
  3300 | D:3      | Reached XP level 4. HP: 31/31 MP: 2/8
  3329 | D:3      | Reached skill level 1 in Fighting
  3702 | D:3      | Found a radiant altar of Vehumet.
  3710 | D:3      | Became a worshipper of Vehumet
  3940 | D:3      | Found a shimmering blue altar of Sif Muna.
  4464 | D:3      | Reached XP level 5. HP: 31/37 MP: 4/10
  4810 | D:4      | Reached skill level 1 in Air Magic
  5783 | D:4      | Gained mutation: You sometimes gain a little power by
                  | taking damage. [demonic ancestry]
  5783 | D:4      | Reached XP level 6. HP: 26/44 MP: 3/11
  6782 | D:5      | Entered Level 5 of the Dungeon
  6782 | D:5      | Noticed an ice beast
  7188 | D:4      | HP: 1/43 [gnoll/+2 flail of holy wrath[a gnoll bouda] (3)]
  7188 | D:4      | Slain by a gnoll

Illustrated notes

Levels and vault maps discovered:
D:1:      amcnicky_arrival_flooded_fountain, layout_loops_corners
D:2:      layout_basic, shapermc_ecumenical_altar_petra,
          nicolae_figureground_sparkle, uniq_crazy_yiuf_cottage
D:3:      layout_basic, nicolae_sif_muna_little_library,
          mainiacjoe_overflow_paths, serial_co_window_serial,
          co_window_of_opportunity_a, co_window_corner_a, co_window_paths_a,
          co_window_of_opportunity_a, co_window_of_opportunity_a,
          co_window_cross_3, co_window_unsneaky_path_c, co_window_corner_b,
          co_window_cross_4, co_window_unsneaky_path_c,
          co_window_of_opportunity_c, co_window_paths_d, glass_columns_a,
          glass_columns_a, glass_columns_a, glass_columns_c, glass_columns_b
D:4:      layout_layer_cave
D:5:      dreamdust_elfheim, layout_loops_cross, grunt_temple_overflow_open,
          mainiacjoe_overflow_brackets, gammafunk_temple_overflow_wave

Skill      XL: |  1  2  3  4  5  6 |
---------------+-------------------+-----
Translocations | 1 2 |  2.0
Stealth        | 2 3 |  3.2
Dodging        | 2 3 |  3.2
Fighting       | 1 2 |  2.3
Air Magic      | 1 |  1.9
Conjurations   | 2 |  2.7
Summonings     | 2 |  2.0
Spellcasting   | |  3.9

Action                   |  1- 3 |  4- 6 || total
-------------------------+-------+-------++-------
Melee: Dagger            |    17 |       ||    17
       Short sword       |    31 |    75 ||   106
       Punch             |       |     1 ||     1
 Cast: Magic Dart        |    84 |   121 ||   205
       Call Imp          |     2 |    12 ||    14
       Blink             |       |     2 ||     2
 Stab: Sleeping          |     3 |     1 ||     4
Armor: Robe              |     7 |       ||     7
       Leather armour    |     2 |    28 ||    30
Dodge: Dodged            |    37 |    66 ||   103
